Map: Dusk Towers

Players

LilDicky - Winner!

  • Race: Zerg Zerg
  • League: Diamond

KWiles

  • Race: Terran Terran
  • League: Gold

VOD

http://www.twitch.tv/tumescentpie

Description

Time

  • Played on: Dec. 15, 2015, 10:35 p.m.
  • Length: 18:24
Show
View Real Time Build Order
Export as new Build Order

LilDicky Zerg - Winner!

Build Orders: Hatch First 

Get SALT Encoding   

  12  0:02  Drone  
  13  0:19  Drone  
  14  0:23  Drone, Extractor  
  14  0:24  Drone, Extractor  
  16  0:47  Hatchery  
  15  1:07  Spawning Pool  
  15  1:09  Extractor  
  13  1:16  Drone  
  14  1:24  Overlord  
  14  1:46  Drone x2  
  14  1:47  Drone  
  17  1:54  Queen  
  17  1:59  Queen  
  21  2:05  Roach Warren  
  20  2:15  Metabolic Boost  
  20  2:25  Drone  
  20  2:26  Drone x2  
  23  2:32  Overlord  
  23  2:43  Queen  
  25  2:54  Lair  
  25  3:17  Roach x2  
  29  3:28  Queen  
  31  4:11  Extractor, Zergling x10  
  31  4:12  Zergling x2  
  31  4:13  Overlord  
  36  4:31  Queen  
  36  4:34  Nydus Network  
  38  4:52  Drone  
  38  4:53  Drone x6  
  38  4:54  Overlord x2  
  38  4:58  Overlord  
  38  5:35  Roach  
  38  5:36  Roach x8  
  52  5:50  Nydus Canal  
  52  5:59  Queen  
  53  6:23  Ravager  
  44  6:58  Zergling x2  
  44  6:59  Zergling x20  
  50  8:34  Nydus Canal  
  50  9:07  Nydus Canal  
  50  11:01  Nydus Canal  
  50  11:48  Hatchery  
  50  11:49  Nydus Canal  
  50  12:42  Pneumatized Carapace  
  50  12:57  Hatchery  
  50  13:00  Drone x4  
  50  13:01  Drone x13  
  50  13:03  Overlord x5  
  50  15:27  Nydus Canal  
  50  15:29  Drone x6  
  50  15:58  Hatchery  
  50  16:38  Drone x7  
  50  16:39  Drone x5  
Show
View Real Time Build Order
Export as new Build Order

KWiles Terran 

Build Orders:  

Get SALT Encoding   

  12  0:02  SCV  
  13  0:14  SCV  
  14  0:26  SCV  
  15  0:29  Supply Depot  
  15  0:43  Refinery  
  15  0:50  SCV  
  15  0:54  Barracks  
  16  1:02  SCV  
  17  1:04  Supply Depot  
  17  1:16  SCV  
  18  1:28  SCV  
  19  1:32  Refinery  
  19  1:44  Orbital Command  
  19  1:46  Reaper  
  20  2:10  SCV, Factory  
  21  2:20  Marine  
  22  2:25  SCV  
  23  2:34  Supply Depot  
  23  2:37  SCV  
  23  2:40  Marine  
  25  2:46  Command Center  
  25  2:52  SCV  
  25  2:58  Hellion, Marine  
  29  3:12  SCV  
  30  3:15  Marine  
  30  3:19  Hellion  
  33  3:38  SCV, Marine  
  33  3:40  Hellion  
  37  3:50  SCV  
  38  3:56  Marine  
  38  4:02  Hellion  
  41  4:09  Orbital Command  
  40  4:16  Starport  
  40  4:23  Hellion  
  42  4:24  SCV  
  42  4:26  Engineering Bay  
  43  4:39  Barracks Tech Lab  
  43  4:42  Barracks  
  43  4:50  Widow Mine  
  43  4:52  Engineering Bay  
  45  4:53  SCV x2  
  45  4:57  Missile Turret  
  47  5:00  Missile Turret  
  47  5:05  SCV x2, Concussive Shells, Marauder  
  47  5:07  Medivac  
  45  5:31  Liberator  
  39  5:43  Barracks Reactor  
  39  5:45  Marauder  
  39  5:46  Factory Tech Lab  
  44  5:50  SCV x2  
  44  5:51  Terran Infantry Weapons Level 1  
  44  5:55  Armory  
  46  5:57  Supply Depot  
  46  5:58  Refinery x2  
  46  6:04  Command Center, SCV x2  
  47  6:12  Hellion, Marine  
  47  6:22  Marine  
  40  6:26  Marine  
  40  6:30  Marine  
  41  6:35  Hellion  
  36  6:40  Marine  
  36  6:44  Marine  
  33  6:47  Marine  
  31  6:57  Hellion  
  31  6:58  Marine  
  31  6:59  Viking  
  30  7:07  Orbital Command  
  29  7:08  Marine  
  29  7:09  Marauder  
  31  7:18  Hellbat  
  31  7:31  SCV  
  31  7:34  Marine  
  31  7:35  Marine  
  24  7:43  SCV  
  24  7:45  Terran Infantry Armor Level 1  
  24  7:55  SCV  
  24  8:07  SCV  
  24  8:20  SCV  
Tags
 
Add a new tag
Caveats
  • Supply blocks, unpowered buildings, or Contaminate may cause inaccurate times.
  • Supply counts are checked every 10 seconds.